 Dungeon Crawl Stone Soup version 0.28.0-53-g5a82cb258f (webtiles) character file.

Game seed: 2217908011886097098

312 MiltankisOP the Magician (level 6, -2/32 HPs)
             Began as a Deep Elf Hedge Wizard on June 14, 2022.
             Engulfed by a cloud of flame (24 damage)
             ... on level 4 of the Dungeon.
             The game lasted 00:07:06 (4398 turns).

MiltankisOP the Magician (Deep Elf Hedge Wizard)    Turns: 4398, Time: 00:07:07

Health: -2/32      AC:  2    Str:  7    XL:     6   Next: 18%
Magic:  7/17       EV: 12    Int: 21    God:
Gold:   61         SH:  0    Dex: 14    Spells: 10/17 levels left

rFire   . . .      SeeInvis .   m - +2 dagger (venom)
rCold   . . .      Faith    .   (no shield)
rNeg    . . .      Spirit   .   b - +0 robe
rPois   .          Reflect  .   c - +0 hat
rElec   .          Harm     .   (no cloak)
rCorr   .          Rampage  .   (no gloves)
Will    .....                   (no boots)
Stlth   ++........              (no amulet)
HPRegen 0.10/turn               (no ring)
MPRegen 0.15/turn               (no ring)

@: no status effects
A: no striking features
a: no special abilities


You were on level 4 of the Dungeon.
You visited 1 branch of the dungeon, and saw 4 of its levels.

You collected 61 gold pieces.

Inventory:

Hand Weapons
 a - a +0 dagger
 m - a +2 dagger of venom (weapon)
Armour
 b - a +0 robe (worn)
 c - a +0 hat (worn)
Jewellery
 h - a +6 ring of strength
Wands
 n - a wand of polymorph (6)
Scrolls
 d - a scroll of enchant armour {unknown}
 i - 2 scrolls of teleportation {unknown}
 j - a scroll of identify {unknown}
 o - a scroll of amnesia {unknown}
 p - a scroll of brand weapon {unknown}
Potions
 e - a potion of invisibility {unknown}
 f - a potion of haste {unknown}
 g - a potion of flight {unknown}
 k - a potion of lignification {unknown}
 l - a potion of attraction {unknown}
 q - 2 potions of curing


   Skills:
 - Level 2.4 Dodging
 - Level 2.4 Stealth
 - Level 6.0 Spellcasting
 - Level 5.0 Conjurations
 - Level 1.1 Summonings
 - Level 1.1 Translocations
 + Level 1.9 Air Magic
 + Level 2.0 Poison Magic


You had 10 spell levels left.
You knew the following spells:

 Your Spells              Type           Power      Damage    Failure   Level
a - Magic Dart            Conj           100%       1d8       1%          1
b - Mephitic Cloud        Conj/Pois/Air  18%        N/A       9%          3
c - Conjure Flame         Conj/Fire      16%        6-21      11%         3

Your spell library contained the following spells:

 Spells                   Type           Power      Damage    Failure   Level
 Poisonous Vapours        Pois/Air       28%        N/A       7%          2
 Animate Skeleton         Necr           12%        N/A       10%         1
 Pain                     Necr           24%        1d5       10%         1
 Slow                     Hex            24%        N/A       10%         1
 Blink                    Tloc           20%        N/A       10%         2
 Call Imp                 Summ           10%        N/A       10%         2
 Corpse Rot               Necr/Air       20%        N/A       10%         2
 Vampiric Draining        Necr           6%         2d6       28%         3


Dungeon Overview and Level Annotations

Branches:
Dungeon (4/15)
 Temple: D:4-7

Altars:

Annotations:
D:4 Edmund


Message History

Edmund is engulfed in noxious fumes.
Edmund appears confused.
You hit Edmund but do no damage.
Edmund is poisoned.
Edmund hits you with a +2 flail of protection!
Edmund hits himself with a +2 flail of protection!
You hit Edmund.
Edmund looks even sicker.
Edmund is moderately wounded.
You strike the helpless Edmund from behind!
You hit Edmund but do no damage.
Edmund looks as sick as possible!
Edmund is moderately wounded.
A jelly comes into view.
You hit Edmund but do no damage.
Edmund looks as sick as possible!
Edmund is moderately wounded.
Edmund says, "I'm a little confused."
The hobgoblin misses you.
The hobgoblin hits you but does no damage.
There is an open door here.
Casting: Magic Dart (safe; 1% risk of failure)
Confirm with . or Enter, or press ? or * to list all spells.
Aiming: Magic Dart (safe; 1% risk of failure)
Press: ? - help, Shift-Dir - straight line, f/p - Edmund
Aim: Edmund, wielding a +2 flail of protection and wearing a +0 chain mail (heavily wounded, confused, extremely poisoned, 100% to hit)
The magic dart hits the hobgoblin.
You kill the hobgoblin!
Casting: Magic Dart (safe; 1% risk of failure)
Confirm with . or Enter, or press ? or * to list all spells.
Aiming: Magic Dart (safe; 1% risk of failure)
Press: ? - help, Shift-Dir - straight line, f - jelly, p - Edmund
Aim: a jelly (100% to hit)
Okay, then.
Casting: Magic Dart (safe; 1% risk of failure)
Confirm with . or Enter, or press ? or * to list all spells.
The spell is quite dangerous to miscast (11% risk of failure)!
Continue anyway?
The fire begins to smoulder!
Char dumped successfully.
Casting: Conjure Flame (quite dangerous; 11% risk of failure)
Confirm with . or Enter, or press ? or * to list all spells.
The spell is quite dangerous to miscast (11% risk of failure)!
Continue anyway?
The fire ignites!
You are engulfed in blazing flames.
Ouch! That really hurt!
You die...

#.# ##.######.# ..#
##.....## #...## #.#
.##
##.......###...(####>#
.
#.........##.........#
+.....................
#.................####
#........<.....).#
#.....####...#)##
#.@.# #...#.#
####'######...#.#
##.........#####.#
#....J.†##.# #.#
#.....>.##.# #.#
#....@..##.# #.#
#.......##.# #.#
..........##.#####.#
###................#


You could see Edmund (confused, very poisoned) and a jelly.

Vanquished Creatures
  Sigmund (D:3)
  An orc wizard (D:4)
  A gnoll (D:1)
  3 adders
  3 worms
  2 dart slugs
  7 orcs
  10 ball pythons
  5 endoplasms
  6 giant cockroaches
  3 goblins (D:1)
  4 hobgoblins
  4 jackals (D:1)
  6 kobolds
  5 quokkas
  2 bats
  A frilled lizard (D:1)
  4 rats
68 creatures vanquished.

Notes
Turn   | Place    | Note
-------+----------+-------------------------------------------
     0 | D:1      | MiltankisOP the Deep Elf Hedge Wizard began the quest for
                  | the Orb.
     0 | D:1      | Reached XP level 1. HP: 10/10 MP: 7/7
   534 | D:1      | Reached XP level 2. HP: 15/15 MP: 6/9
   999 | D:1      | Reached XP level 3. HP: 19/19 MP: 6/11
  1144 | D:1      | Reached skill level 5 in Spellcasting
  1879 | D:2      | Reached XP level 4. HP: 10/24 MP: 4/13
  2119 | D:2      | Found a faded altar of an unknown god.
  2576 | D:2      | You fall into a shaft and drop 1 floor!
  3624 | D:3      | Noticed Sigmund
  3630 | D:3      | Learned a level 3 spell: Mephitic Cloud
  3637 | D:3      | Killed Sigmund
  3638 | D:3      | Reached skill level 6 in Spellcasting
  3638 | D:3      | Reached skill level 5 in Conjurations
  3638 | D:3      | Reached skill level 1 in Air Magic
  3638 | D:3      | Reached skill level 1 in Poison Magic
  3638 | D:3      | Reached XP level 5. HP: 28/28 MP: 7/15
  3638 | D:3      | Reached XP level 6. HP: 32/32 MP: 7/17
  4185 | D:4      | Learned a level 3 spell: Conjure Flame
  4381 | D:4      | Noticed Edmund
  4398 | D:4      | Engulfed by a cloud of flame

Illustrated notes

Levels and vault maps discovered:
D:1:      matt_arrival_spirals, layout_loops_corners
D:2:      layout_loops_corners, chequers_ecumenical_altar_twisty
D:3:      layout_rooms, serial_co_window_serial, co_window_corner_a,
          co_window_corner_a, co_window_of_opportunity_a, co_window_corner_a,
          co_window_paths_a, co_window_broadway_b, co_window_corner_b,
          co_window_2corner, co_window_cross_2, co_window_sun, glass_columns_b,
          glass_columns_b, glass_columns_a, kennysheep_small_spiral,
          uniq_sigmund
D:4:      layout_loops_corners, mainiacjoe_overflow_concentric_impassable,
          uniq_edmund, uniq_menkaure, uniq_ijyb

Skill      XL: |  1  2  3  4  5  6 |
---------------+-------------------+-----
Conjurations   | 2 3 5 |  5.0
Spellcasting   | 5 6 |  6.0
Air Magic      | 1 |  1.9
Poison Magic   | 1 2 |  2.0
Dodging        | |  2.4
Stealth        | |  2.4
Summonings     | |  1.1
Translocations | |  1.1

Action                   |  1- 3 |  4- 6 || total
-------------------------+-------+-------++-------
Melee: Dagger            |       |     5 ||     5
 Cast: Magic Dart        |    81 |    91 ||   172
       Mephitic Cloud    |       |     2 ||     2
       Conjure Flame     |       |     2 ||     2
 Stab: Confused          |       |     1 ||     1
Armor: Robe              |     2 |     2 ||     4
Dodge: Dodged            |     8 |     3 ||    11
